 Dungeon Crawl Stone Soup version 0.23.1-37-gaa34b87 (webtiles) character file.

Game seed: 11817132835419916801

1306439 Lauz the Conqueror (level 27, -11/218 HPs)
             Began as a Minotaur Fighter on Mar 20, 2019.
             Was the Champion of the Shining One.
             Killed from afar by Lom Lobon (36 damage)
             ... with a great icy blast
             ... in Pandemonium on Mar 21, 2019.
             The game lasted 10:05:49 (116029 turns).

Lauz the Conqueror (Minotaur Fighter)             Turns: 116029, Time: 10:05:51

Health: -11/218    AC: 47    Str: 40      XL:     27
Magic:  23/28      EV: 21    Int:  4 (5)  God:    the Shining One [******]
Gold:   11655      SH: 38    Dex: 11      Spells: 37/44 levels left

rFire    + + .     SeeInvis .   J - +9 double sword (holy)
rCold    + + +     Gourm    .   v - +8 large shield {reflect}
rNeg     + + +     Faith    .   y - +1 crystal plate armour of the Cockroach {rF+}
rPois    +         Spirit   .   W - +2 hat
rElec    +         Reflect  +   b - +4 cloak "Noluokoq" {rF+ MR+ Str+2 Slay+2}
rCorr    .         Harm     .   K - +1 pair of gloves "Pion" {MP-9 Slay+3 Stlth+}
MR       +++++     Clarity  +   L - +2 pair of boots {run}
Stlth    ..........             A - amulet of the Four Winds {rN+ MR+++ Clar}
HPRegen  0.46/turn              a - ring "Quzil" {rElec rN+ Str+7}
MPRegen  0.21/turn              l - ring of Autotheism {+Fly rPois MR+ Dex+4 Stlth-}

@: frozen, glowing, slow
A: retaliatory headbutt, horns 2, berserk 3, blurry vision 1, clumsy 2, cold
resistance 3, deterioration 2, frail 2, poison resistance, screaming 2, weak 1,
no potion heal 1, subdued magic 2, MP-powered wands
}: 12/15 runes: decaying, slimy, silver, iron, obsidian, icy, bone, abyssal,
demonic, glowing, magical, gossamer
a: Divine Shield, Cleansing Flame, Summon Divine Warrior, Renounce Religion,
Evoke Flight


You were in Pandemonium.
You worshipped the Shining One.
The Shining One was exalted by your worship.
You were hungry.

You visited 17 branches of the dungeon, and saw 87 of its levels.
You visited Pandemonium 1 time, and saw 16 of its levels.
You visited the Abyss 2 times.
You also visited: Bailey and Ice Cave.

You collected 12788 gold pieces.
You spent 1133 gold pieces at shops.

Inventory:

Hand Weapons
 x - a +4 scimitar of flaming
 I - the +7 Singing Sword {slice, sonic wave}
   (You found it on level 5 of the Pits of Slime)

   It inflicts extra damage upon your enemies.
 J - a +9 double sword of holy wrath (weapon)
 M - a +7 triple sword of holy wrath
Armour
 b - the +4 cloak "Noluokoq" (worn) {rF+ MR+ Str+2 Slay+2}
   (Okawaru gifted it to you on level 4 of the Lair of Beasts)

   It affects your strength (+2).
   It affects your accuracy and damage with ranged weapons and melee attacks
   (+2).
   It protects you from fire.
   It affects your resistance to hostile enchantments.
 c - the +9 plate armour "Carut" {Slay+2}
   (Okawaru gifted it to you on level 5 of the Realm of Zot)

   It affects your accuracy and damage with ranged weapons and melee attacks
   (+2).
 v - a +8 large shield of reflection (worn)
 y - the +1 crystal plate armour of the Cockroach (worn) {rF+}
   (Okawaru gifted it to you on level 1 of the Elven Halls)

   It protects you from fire.
 E - the +2 pair of boots of Deopt {Dex+9}
   (You acquired it on level 4 of the Realm of Zot)

   It affects your dexterity (+9).
 K - the +1 pair of gloves "Pion" (worn) {MP-9 Slay+3 Stlth+}
   (Okawaru gifted it to you on level 1 of the Crypt)

   It affects your accuracy and damage with ranged weapons and melee attacks
   (+3).
   It affects your magic capacity (-9).
   It makes you more stealthy.
 L - a +2 pair of boots of running (worn)
 W - a +2 hat (worn)
Jewellery
 a - the ring "Quzil" (left hand) {rElec rN+ Str+7}
   (You took it off an ironheart preserver on level 5 of the Vaults)

   [ring of positive energy]

   It affects your strength (+7).
   It insulates you from electricity.
   It protects you from negative energy.
 l - the ring of Autotheism (right hand) {+Fly rPois MR+ Dex+4 Stlth-}
   (You took it off a vampire knight on level 4 of the Depths)

   [ring of protection from magic]

   It affects your dexterity (+4).
   It protects you from poison.
   It affects your resistance to hostile enchantments.
   It lets you fly.
   It makes you less stealthy.
 m - the amulet of Interdependent Arising {rElec rF+ Regen+ Int-5}
   (You took it off Antaeus on level 7 of Cocytus)

   [amulet of regeneration]

   It affects your intelligence (-5).
   It protects you from fire.
   It insulates you from electricity.
   It increases your rate of regeneration.
 n - a ring of Ytarot {rCorr Str+3}
   (You took it off a deep elf blademaster on level 3 of the Elven Halls)

   [ring of resist corrosion]

   It affects your strength (+3).
 s - a ring of the Octopus King {rC+ AC+1 EV+1 Str+1 Int+1 Dex+1}
   (You found it on level 7 of the Iron City of Dis)

   [ring of protection from cold]

   It affects your AC (+1).
   It affects your evasion (+1).
   It affects your strength (+1).
   It affects your intelligence (+1).
   It affects your dexterity (+1).
   It protects you from cold.
 A - the amulet of the Four Winds (around neck) {rN+ MR+++ Clar}
   (You bought it in a shop on level 2 of the Orcish Mines)

   [amulet of nothing]

   It protects you from negative energy.
   It affects your resistance to hostile enchantments.
   It protects you against confusion.
 D - the ring of Phasing {EV+8}
   (You found it on level 3 of the Elven Halls)

   [ring of evasion]

   It affects your evasion (+8).
Wands
 j - a wand of digging (25)
 r - a wand of acid (59)
 F - a wand of paralysis (20)
 X - a wand of enslavement (14)
 Z - a wand of iceblast (23)
Scrolls
 e - 2 scrolls of blinking
 g - 4 scrolls of holy word
 i - 3 scrolls of fog
 k - 11 scrolls of teleportation
 o - 25 scrolls of remove curse
 p - 8 scrolls of magic mapping
 t - 5 scrolls of fear
 z - 2 scrolls of summoning
 G - 15 scrolls of identify
 P - 4 scrolls of silence
 Q - 2 scrolls of enchant armour
 V - 7 scrolls of enchant weapon
Potions
 d - 2 potions of might
 h - 22 potions of curing
 u - 12 potions of heal wounds
 w - 19 potions of brilliance
 B - 4 potions of haste
 C - 9 potions of agility
 N - 14 potions of flight
 O - 8 potions of magic
 R - 5 potions of cancellation
 U - 5 potions of resistance
 Y - 7 potions of berserk rage
Miscellaneous
 q - 4 sacks of spiders
 S - a fan of gales
 T - a box of beasts
Comestibles
 f - 73 rations


   Skills:
 O Level 27 Fighting
 O Level 27 Long Blades
 O Level 27 Throwing
 O Level 27 Armour
 O Level 27 Dodging
 O Level 27 Shields
 - Level 9.0 Spellcasting
 - Level 9.7 Charms
 - Level 10.3 Necromancy
 * Level 13.3 Translocations
 - Level 0.3 Air Magic
 - Level 14.0 Invocations
 * Level 23.6 Evocations


You had 37 spell levels left.
You knew the following spells:

 Your Spells              Type           Power        Failure   Level  Hunger
a - Regeneration          Chrm/Necr      #.........   2%          3    ###....
b - Swiftness             Chrm/Air       #.......     11%         2    ###....
c - Blink                 Tloc           N/A          1%          2    ###....

Your spell library contained the following spells:

 Spells                   Type           Power        Failure   Level  Hunger
 Animate Skeleton         Necr           N/A          1%          1    #......
 Apportation              Tloc           #.....       1%          1    #......
 Infusion                 Chrm           #...         1%          1    #......
 Pain                     Necr           #...         1%          1    #......
 Shroud of Golubria       Chrm/Tloc      #.........   1%          2    ###....
 Song of Slaying          Chrm           #.......     1%          2    ###....
 Sublimation of Blood     Necr           #.........   1%          2    ###....
 Lesser Beckoning         Tloc           #.........   1%          3    ###....
 Teleport Other           Tloc           #.......     1%          3    ###....
 Vampiric Draining        Necr           #.........   1%          3    ###....
 Passage of Golubria      Tloc           N/A          1%          4    #####..
 Animate Dead             Necr           N/A          8%          4    #####..
 Recall                   Summ/Tloc      N/A          11%         3    ###....
 Ozocubu's Armour         Chrm/Ice       #.......     24%         3    ###....
 Spectral Weapon          Hex/Chrm       #.......     24%         3    ###....
 Dispel Undead            Necr           #.......     24%         5    ######.
 Excruciating Wounds      Chrm/Necr      #.........   28%         5    ######.
 Force Lance              Conj/Tloc      #.......     36%         4    #####..
 Shock                    Conj/Air       #...         50%         1    #......
 Beastly Appendage        Tmut           #.....       54%         1    #......
 Corona                   Hex            #......      54%         1    #......
 Flame Tongue             Conj/Fire      #....        54%         1    #......
 Freeze                   Ice            #...         54%         1    #......
 Magic Dart               Conj           #...         54%         1    #......
 Sandblast                Erth           #.....       54%         1    #......
 Sting                    Conj/Pois      #...         54%         1    #......
 Summon Butterflies       Summ           #.......     54%         1    #......
 Summon Small Mammal      Summ           #...         54%         1    #......
 Poisonous Vapours        Pois/Air       #.....       67%         2    ###....
 Call Imp                 Summ           #.......     69%         2    ###....
 Ensorcelled Hibernation  Hex/Ice        #.....       69%         2    ###....
 Passwall                 Tmut/Erth      #.......     69%         2    ###....
 Searing Ray              Conj           #.....       69%         2    ###....
 Slow                     Hex            #.......     69%         2    ###....
 Sticks to Snakes         Tmut           #.......     69%         2    ###....
 Throw Flame              Conj/Fire      #.....       69%         2    ###....
 Throw Frost              Conj/Ice       #.....       69%         2    ###....
 Summon Forest            Summ/Tloc      #.........   75%         5    ######.
 Death Channel            Necr           #.........   82%         6    #######
 Static Discharge         Conj/Air       #.......     88%         3    ###....
 Mephitic Cloud           Conj/Pois/Air  #.......     89%         3    ###....
 Call Canine Familiar     Summ           #.......     90%         3    ###....
 Confuse                  Hex            #.......     90%         3    ###....
 Conjure Flame            Conj/Fire      #.......     90%         3    ###....
 Dazzling Spray           Conj/Hex       #.....       90%         3    ###....
 Ignite Poison            Fire/Tmut/Pois #.......     90%         3    ###....
 Inner Flame              Hex/Fire       #.......     90%         3    ###....
 Spider Form              Tmut/Pois      #.........   90%         3    ###....
 Stone Arrow              Conj/Erth      #.....       90%         3    ###....
 Summon Guardian Golem    Hex/Summ       #.......     90%         3    ###....
 Tukima's Dance           Hex            #.......     90%         3    ###....
 Bolt of Draining         Conj/Necr      #.........   92%         5    ######.
 Borgnjor's Vile Clutch   Necr/Erth      #.........   92%         5    ######.
 Iskenderun's Battlesphe  Conj/Chrm      #.......     95%         5    ######.
 Airstrike                Air            #.........   99%         4    #####..
 Fulminant Prism          Conj/Hex       #.........   100%        4    #####..
 Ice Form                 Ice/Tmut       #.......     100%        4    #####..
 Iskenderun's Mystic Bla  Conj           #.......     100%        4    #####..
 Leda's Liquefaction      Hex/Erth       #.........   100%        4    #####..
 Olgreb's Toxic Radiance  Pois           #.......     100%        4    #####..
 Petrify                  Tmut/Erth      #.......     100%        4    #####..
 Sticky Flame             Conj/Fire      #.......     100%        4    #####..
 Summon Ice Beast         Ice/Summ       #.......     100%        4    #####..
 Summon Lightning Spire   Summ/Air       #.......     100%        4    #####..
 Throw Icicle             Conj/Ice       #.......     100%        4    #####..
 Alistair's Intoxication  Tmut/Pois      #.......     100%        5    ######.
 Aura of Abjuration       Summ           #.........   100%        5    ######.
 Blade Hands              Tmut           #.........   100%        5    ######.
 Bolt of Magma            Conj/Fire/Erth #.........   100%        5    ######.
 Fireball                 Conj/Fire      #.........   100%        5    ######.
 Irradiate                Conj/Tmut      #.........   100%        5    ######.
 Lee's Rapid Deconstruct  Erth           #.........   100%        5    ######.
 Lightning Bolt           Conj/Air       #.........   100%        5    ######.
 Metabolic Englaciation   Hex/Ice        #.........   100%        5    ######.
 Silence                  Hex/Air        #.........   100%        5    ######.
 Summon Demon             Summ           #.........   100%        5    ######.
 Summon Mana Viper        Hex/Summ       #.......     100%        5    ######.
 Venom Bolt               Conj/Pois      #.........   100%        5    ######.
 Bolt of Cold             Conj/Ice       #.........   100%        6    #######
 Bolt of Fire             Conj/Fire      #.........   100%        6    #######
 Darkness                 Hex            #.........   100%        6    #######
 Freezing Cloud           Conj/Ice/Air   #.........   100%        6    #######
 Invisibility             Hex            #.......     100%        6    #######
 Iron Shot                Conj/Erth      #.........   100%        6    #######
 Ozocubu's Refrigeration  Ice            #.........   100%        6    #######
 Shadow Creatures         Summ           N/A          100%        6    #######
 Simulacrum               Ice/Necr       #.........   100%        6    #######
 Statue Form              Tmut/Erth      #........    100%        6    #######
 Haunt                    Necr/Summ      #.........   100%        7    #######
 Malign Gateway           Summ/Tloc      #.........   100%        7    #######
 Orb of Destruction       Conj           #.........   100%        7    #######
 Ring of Flames           Chrm/Fire      #.........   100%        7    #######
 Spellforged Servitor     Conj/Summ      #.........   100%        7    #######
 Borgnjor's Revivificati  Necr           #.........   100%        8    #######
 Death's Door             Chrm/Necr      #.........   100%        8    #######
 Disjunction              Tloc           #.........   100%        8    #######
 Ignition                 Fire           #.........   100%        8    #######
 Infestation              Necr           #.........   100%        8    #######
 Necromutation            Tmut/Necr      #.........   100%        8    #######
 Shatter                  Erth           #.........   100%        9    #######
 Tornado                  Air            #.........   100%        9    #######


Dungeon Overview and Level Annotations

Branches:
Dungeon (15/15)            Temple (1/1) D:5            Lair (6/6) D:10
  Swamp (4/4) Lair:3       Spider (4/4) Lair:2        Slime (5/5) Lair:5
    Orc (2/2) D:11            Elf (3/3) Orc:2        Vaults (5/5) D:14
  Crypt (3/3) Vaults:3       Tomb (0/3) Crypt:3      Depths (5/5) D:15
   Hell (1/1)                 Dis (7/7) Hell            Geh (7/7) Hell
    Coc (7/7) Hell            Tar (7/7) Hell            Zot (5/5) Depths:5

Altars:
Ashenzari
Cheibriados
Dithmenos
Elyvilon
Gozag
Hepliaklqana
Kikubaaqudgha
Makhleb
Nemelex Xobeh
Okawaru
Qazlal
Ru
Sif Muna
Trog
Uskayaw
Vehumet
Xom
Yredelemnul
The Shining One
Beogh
Jiyva

Shops:
D:4 ?   D:9 %   D:11 }=[}   D:15 =   Orc:2 %*[=   Elf:3 =}==   Vaults:1 *
Vaults:2 [   Vaults:3 !   Depths:1 *   Depths:5 ?%

Portals:
Hell: Depths:1 Depths:2 Depths:3 Depths:4 Depths:5
Abyss: Depths:4
Pandemonium: Depths:2 Depths:3
Ziggurat: Depths:5
Trove: Vaults:1 (give 12 potions of heal wounds)

Annotations:
Depths:2 2 runed translucent doors
Zot:1 3 runed translucent doors, runemage's ghost, legendary GnFi
Pan Lom Lobon


Innate Abilities, Weirdness & Mutations

You reflexively headbutt those who attack you in melee.
You have a pair of horns on your head.
You have an uncontrollable temper.
Scrolls take you a little longer to read.
You are very clumsy. (Dex -4)
Your flesh is almost immune to the effects of cold. (rC+++)
Your body often deteriorates upon taking damage.
You are very frail. (-20% HP)
Your system is resistant to poisons. (rPois)
You sometimes yell uncontrollably at your foes.
You are weak. (Str -2)
Potions are less effective at restoring your health.
Your spells are easier to cast, but less powerful.
You expend magic power (3 MP) to strengthen your wands.


Message History

The ice encasing you melts away.
Your elder batfire beast hits Lom Lobon!
Lom Lobon gestures at your elder batfire beast.
Lom Lobon conjures a mighty blast of ice!
The great icy blast engulfs your elder batfire beast!!!
Your elder batfire beast dies!
Your elder batfire beast's corpse disappears in a puff of smoke!
The great icy blast engulfs you!! You partially resist.
* * * LOW HITPOINT WARNING * * *
You are encased in ice.
Lom Lobon screams, "Scamper hence, thou worthless guts-griping meatball!"
You hear a roar!
The golden flame engulfs you but does no damage.
The golden flame engulfs Lom Lobon!!!
Lom Lobon writhes in agony!
Lom Lobon is severely wounded.
You feel somewhat more hungry. Lom Lobon gestures at you.
Lom Lobon conjures a mighty blast of ice!
The great icy blast engulfs you!!! You partially resist.
You die...

########
####...°○°###
##.....§○☼°○.###
§......§☼§☼§°..##
§.......○§○○○°..#
§.....)^&§§§§☼...#
§......§@§§§§☼...#
§.....(...§§☼☼...#
§....(.....§☼☼...#
§...........☼○..##
§....).......☼.##
#...........###
#..#.....####
...#######


You could see Lom Lobon.

Vanquished Creatures
  8 pandemonium lords (Pan)
  Antaeus (Coc:7)
  Asmodeus (Geh:7)
  the Royal Jelly (Slime:5)
  Ereshkigal (Tar:7)
  Mnoleg (Pan)
  A seraph (Pan)
  the Serpent of Hell (Geh:7)
  Dispater (Dis:7)
  Khufu (Crypt:2)
  4 orbs of fire
  Mara (Swamp:3)
  Mennas (Depths:4)
  A juggernaut (Depths:5)
  9 ancient liches
  Sojobo (Vaults:3)
  Boris (twice) (Vaults:5 Crypt:2)
  7 greater mummies
  Bai Suzhen (Vaults:4)
  11 shard shrikes
  8 Killer Klowns (Zot:5)
  2 curse toes
  Saint Roka (Depths:4)
  Nikola (Swamp:3)
  Geryon (Hell)
  15 golden dragons
  A profane servitor (Abyss:1)
  24 bone dragons
  2 pearl dragons (Pan)
  20 doom hounds
  23 Brimstone Fiends
  12 iron giants
  45 Tzitzimimeh
  2 electric golems
  14 Ice Fiends
  Rupert (Lair:5)
  Jorgrun (Swamp:3)
  10 liches
  25 Orb Guardians (Zot:5)
  16 tentacled monstrosities
  7 deep elf blademasters
  17 titans
  17 Hell Sentinels
  7 quicksilver dragons
  Murray (Hell)
  9 tentacled starspawn
  17 ancient champions
  5 deep elf master archers
  31 acid blobs
  6 death cobs
  9 Executioners
  9 sphinxes
  9 eldritch tentacles
  Gastronok (Lair:2)
  10 storm dragons
  33 shadow dragons
  10 tengu reavers
  Kirke (Lair:6)
  2 thorn hunters
  3 revenants
  5 draconian monks
  28 daevas (Pan)
  19 fire giants
  8 iron dragons
  16 azure jellies
  13 frost giants
  7 draconian knights
  5 warmongers (Pan)
  12 vault wardens
  2 curse skulls
  A caustic shrike zombie (Depths:1)
  14 draconian scorchers
  22 cacodemons
  An orc warlord (Bailey)
  8 black suns (Pan)
  6 draconian annihilators
  2 deep elf sorcerers (Elf:3)
  8 emperor scorpions
  6 ghost moths
  33 balrugs
  25 angels (Pan)
  7 blood saints (Pan)
  4 deep elf elementalists
  7 ironheart preservers
  30 very ugly things
  29 war gargoyles
  4 draconian stormcallers
  4 elemental wellsprings
  5 spriggan defenders
  A caustic shrike skeleton (Depths:3)
  4 entropy weavers
  36 stone giants
  95 reapers
  29 ophanim (Pan)
  6 draconian shifters
  8 deep elf demonologists
  24 apis (Pan)
  4 corrupters (Pan)
  7 green draconians
  14 vampire knights
  17 black draconians
  The ghost of Napsidghi the Impaler, a journeyman OpGl of Gozag (D:15)
  3 lorocyprocas (Pan)
  10 yellow draconians
  11 deep elf annihilators
  9 white draconians
  A spark wasp (Spider:3)
  10 red draconians
  A spark wasp (shapeshifter) (Vaults:5)
  A minotaur (shapeshifter) (Depths:3)
  12 purple draconians
  12 green deaths
  15 ettins
  4 eidola
  5 jiangshi
  16 fire dragons
  14 deep elf death magi
  27 blizzard demons
  3 mummy priests
  9 quicksilver dragon zombies
  15 yaktaur captains
  5 deep elf high priests
  17 death oozes
  A great orb of eyes (shapeshifter) (Vaults:1)
  51 large abominations
  Fannar (D:12)
  14 great orbs of eyes
  A kraken zombie (Coc:7)
  30 vault guards
  6 quicksilver dragon skeletons
  2 juggernaut simulacra (Pan)
  23 hydras
  2 hell beasts (Pan)
  4 catoblepae
  A naga warrior (Abyss:4)
  8 ghost crabs
  8 rakshasas
  7 spriggan air magi
  6 monstrous demonspawn (Pan)
  15 centaur warriors
  31 ice dragons
  4 shambling mangroves
  Erica (D:8)
  33 two-headed ogres
  23 dancing weapons
  10 vampire magi
  11 alligators
  3 death knights
  A queen ant (Spider:2)
  43 hell hogs
  5 thrashing horrors
  12 titan zombies
  3 tengu warriors
  Urug (Lair:1)
  11 deep troll shamans
  3 death yaks
  15 ogre magi
  5 spriggan berserkers
  14 deep troll earth magi
  90 hell knights
  5 orc high priests
  44 sun demons
  4 titan skeletons
  33 deep elf knights
  Nergalle (Lair:2)
  8 wretched stars
  20 iron golems
  25 soul eaters
  7 storm dragon zombies
  2 fire crabs (shapeshifter)
  5 spriggans
  12 shadow wraiths
  4 death drakes
  3 fire crabs
  4 golden dragon zombies
  An iron giant zombie (Crypt:2)
  19 cherubim (Pan)
  20 sixfirhies
  168 skeletal warriors
  2 spatial maelstroms (Abyss:4)
  10 iron trolls (Dis:7)
  4 infernal demonspawn (Pan)
  2 ghost moth zombies
  A kraken simulacrum (Hell)
  4 unseen horrors
  16 anaconda zombies
  7 storm dragon skeletons
  9 gelid demonspawn (Pan)
  32 shadow demons
  14 flayed ghosts
  7 wizards
  2 spriggan druids (Swamp:4)
  10 swamp dragons
  36 deep trolls
  2 deep trolls (shapeshifter)
  43 starcursed masses
  3 glowing orange brains
  8 torturous demonspawn (Pan)
  5 golden dragon skeletons
  14 anaconda skeletons
  27 deep elf archers
  A lindwurm (shapeshifter) (Depths:2)
  A harpy (shapeshifter) (Vaults:2)
  20 orc knights
  An obsidian statue (Zot:5)
  9 ironbrand convokers
  2 sphinx zombies
  8 shadow dragon zombies
  38 phantasmal warriors
  17 necromancers
  4 orc sorcerers
  100 deep elf magi
  3 harpies (Vaults:3)
  15 orb spiders
  11 wolf spider zombies
  16 iron dragon zombies
  A tengu skeleton (Depths:3)
  11 fire giant zombies
  14 frost giant zombies
  7 cyclopes
  12 shadow dragon skeletons
  A mana viper (shapeshifter) (Vaults:4)
  70 ugly things
  2 manticores
  7 shining eyes
  A salamander (shapeshifter) (Vaults:2)
  9 iron dragon skeletons
  32 wolf spiders
  2 salamanders
  23 stone giant zombies
  A faun (shapeshifter) (Depths:3)
  6 worldbinders
  14 frost giant skeletons
  29 moths of wrath
  A guardian serpent (shapeshifter) (Elf:3)
  6 elephants (Lair:4)
  A moth of wrath (shapeshifter) (Vaults:5)
  13 fire giant skeletons
  6 shock serpent zombies
  14 dire elephant zombies
  2 spriggan zombies
  A guardian serpent (Lair:6)
  3 apocalypse crabs
  A water nymph (shapeshifter) (Vaults:5)
  14 vault sentinels
  10 stone giant skeletons
  4 torpor snails
  8 ice statues
  An elephant slug zombie (Crypt:2)
  14 molten gargoyles
  4 storm dragon simulacra (Coc:7)
  46 smoke demons
  3 titan simulacra
  11 gargoyles
  A naga mage (Vaults:3)
  18 orange demons
  10 black mambas
  8 dire elephant skeletons
  21 spiny frogs
  10 eyes of devastation
  7 rime drakes
  46 rust devils
  A shock serpent skeleton (Geh:7)
  4 catoblepas zombies
  55 yaktaurs
  43 hellions
  59 freezing wraiths
  17 efreet
  7 catoblepas skeletons (Abyss:3)
  21 hydra zombies
  45 ice devils
  7 ancient zymes
  17 demonic crawlers
  2 anaconda simulacra (Coc:7)
  4 guardian mummies (Crypt:2)
  2 emperor scorpion zombies
  67 red devils
  73 tormentors
  9 komodo dragons
  5 harpy zombies
  15 polar bears (IceCv)
  4 hellwings
  2 tengu conjurers (Depths:2)
  A queen bee (D:10)
  3 meliai (D:15)
  11 trolls
  6 silent spectres
  A polar bear (shapeshifter) (D:15)
  12 ettin zombies
  3 wolf spider simulacra
  25 jumping spiders
  A meliai (shapeshifter) (Vaults:4)
  21 tyrant leeches
  16 hornets
  5 bog bodies
  8 hydra skeletons
  34 blink frogs
  8 fire dragon zombies
  4 harpy skeletons
  12 hippogriffs
  A blink frog (shapeshifter) (Vaults:4)
  109 slime creatures
  A stone giant simulacrum (Vaults:3)
  2 human simulacra
  13 raiju
  8 alligator zombies
  A frost giant simulacrum (Tar:3)
  9 ice dragon zombies
  8 air elementals
  2 fire giant simulacra
  18 fire dragon skeletons
  130 flying skulls
  24 tarantellas
  39 shadows
  2 hippogriffs (shapeshifter)
  4 alligator skeletons
  8 ettin skeletons
  10 vampires
  45 wraiths
  20 water elementals
  4 hogs (Lair:6)
  6 black mamba zombies
  76 redbacks
  A dire elephant simulacrum (Coc:1)
  20 ynoxinuls
  2 fire bats (Geh:5)
  9 ice dragon skeletons
  20 small abominations
  8 wyverns (Lair:6)
  2 centaur simulacra (D:15)
  67 yaks
  The ghost of teukkam the Covered, an amateur MiFi (D:4)
  5 black mamba skeletons
  A fire bat (shapeshifter) (Vaults:5)
  30 golden eyes
  9 basilisks
  18 neqoxecs
  38 fire elementals
  12 hungry ghosts
  Grum (D:5)
  16 chaos spawn
  2 steam dragons
  A redback simulacrum (D:15)
  A yaktaur simulacrum (Depths:1)
  2 emperor scorpion simulacra
  2 harpy simulacra
  29 vampire mosquitoes
  22 swamp worms
  6 soldier ants
  7 wargs
  4 spatial vortices
  7 insubstantial wisps
  7 acid dragons
  25 water moccasins
  4 hydra simulacra
  13 spiny frog zombies
  Duvessa (D:4)
  A faun skeleton (Crypt:2)
  118 hell hounds
  10 porcupines
  12 ice beasts
  A swamp drake (shapeshifter) (Vaults:4)
  4 floating eyes
  16 swamp drakes
  A merfolk skeleton (Geh:3)
  An eye of draining (shapeshifter) (Abyss:4)
  15 eyes of draining
  13 spiny frog skeletons
  An ice beast (shapeshifter) (Depths:1)
  55 orc warriors
  An alligator simulacrum (Hell)
  3 swamp dragon zombies
  2 manticore zombies
  17 phantoms
  4 sky beasts
  An ettin simulacrum (Crypt:1)
  An ice dragon simulacrum (Tar:4)
  A black mamba simulacrum (Coc:1)
  6 boggarts
  53 necrophages
  28 ogres
  A tengu (shapeshifter) (Depths:3)
  7 snapping turtle zombies
  54 wolves
  36 centaurs
  2 manticore skeletons
  4 snapping turtle skeletons
  12 crocodiles
  3 swamp dragon skeletons
  An octopode zombie (Crypt:1)
  3 big kobolds
  4 elf zombies
  24 bullfrogs
  4 gnoll sergeants
  A tengu simulacrum (Depths:1)
  A glowing shapeshifter simulacrum (Depths:3)
  A spiny frog simulacrum (Tar:5)
  Dowan (D:4)
  14 earth elementals
  An elf skeleton (Coc:7)
  A wyvern skeleton (Crypt:2)
  A wyvern zombie (Crypt:1)
  A hornet simulacrum (D:15)
  A water moccasin skeleton (D:9)
  7 scorpions
  26 killer bees
  A shapeshifter zombie (Crypt:2)
  A spriggan skeleton (Crypt:2)
  6 electric eels
  131 wights
  2 howler monkeys
  12 crimson imps
  4 centaur zombies
  2 lava snakes (Vaults:3)
  15 hounds
  2 bullfrog zombies
  3 quasits
  5 centaur skeletons
  A human zombie (Dis:7)
  12 jellies
  2 gnoll shamans (D:5)
  27 orc wizards
  46 orc priests
  44 iron imps
  Jessica (D:3)
  3 human skeletons
  6 iguanas
  9 hell rats
  30 worker ants
  2 tengu zombies
  A crocodile zombie (Crypt:1)
  A hound zombie (D:5)
  An ogre skeleton (Tar:5)
  A hound skeleton (D:4)
  14 mummies
  2 worker ant zombies
  38 gnolls
  13 adders
  36 shadow imps
  19 white imps
  10 oozes
  An adder zombie (D:6)
  A worm zombie (Crypt:1)
  An adder skeleton (D:5)
  6 worms
  A dart slug (D:1)
  4 leopard geckos
  134 orcs
  7 bats
  7 giant cockroaches
  12 hobgoblins
  13 jackals
  20 kobolds
  3 quokkas
  A ball python (D:3)
  A dart slug zombie (Crypt:1)
  3 frilled lizards
  10 goblins
  2 kobold skeletons
  An orc simulacrum (Tar:4)
  An orc skeleton (Geh:3)
  An orc zombie (Coc:7)
  7 rats
  A block of ice (Pan)
  A lurking horror (Abyss:3)
  4 starspawn tentacles
  3 tentacles
6062 creatures vanquished.

Vanquished Creatures (collateral kills)
  A Tzitzimitl (Tar:7)
  A deep elf mage (Vaults:5)
  A smoke demon (Pan)
3 creatures vanquished.

Vanquished Creatures (others)
  3 eldritch tentacles
  A fire giant (Depths:3)
  2 balrugs
  2 elemental wellsprings (Coc:7)
  A stone giant (Abyss:3)
  A red draconian (Zot:1)
  A rakshasa (Pan)
  2 hell hogs
  2 dancing weapons
  2 deep elf knights (Elf:1)
  An iron troll (Depths:5)
  A glowing orange brain (Pan)
  A wizard (Pan)
  A phantasmal warrior (Depths:3)
  A necromancer (Hell)
  A lindwurm (Vaults:3)
  An ugly thing (Swamp:3)
  2 molten gargoyles
  A smoke demon (Pan)
  An ice devil (Hell)
  A hellwing (Pan)
  A tormentor (Geh:7)
  A jumping spider (Spider:4)
  A flying skull (Geh:7)
  A fire dragon skeleton (Geh:7)
  A wraith (Geh:6)
  A golden eye (Abyss:1)
  3 chaos spawn (Pan)
  A neqoxec (Pan)
  A small abomination (Abyss:3)
  A hell hound (Geh:3)
  An orc warrior (Vaults:3)
  An eye of draining (Pan)
  6 wights
  A crimson imp (Hell)
  An iron imp (Dis:7)
  7 ball lightnings (Pan)
  3 orcs
  A block of ice (Pan)
  10 fungi
  28 plants
  15 starspawn tentacles
  5 tentacles
  7 toadstools (Swamp:2)
127 creatures vanquished.

Grand Total: 6192 creatures vanquished

Notes
Turn   | Place    | Note
-------+----------+-------------------------------------------
     0 | D:1      | Lauz the Minotaur Fighter began the quest for the Orb.
     0 | D:1      | Reached XP level 1. HP: 19/19 MP: 0/0
   259 | D:1      | Reached XP level 2. HP: 27/27 MP: 1/1
   710 | D:2      | Reached XP level 3. HP: 33/35 MP: 2/2
   734 | D:2      | Reached skill level 5 in Fighting
   781 | D:2      | Found a hide-covered altar of Uskayaw.
   784 | D:2      | Noticed a +0 dagger
   785 | D:2      | Noticed a +0 hand axe
   789 | D:2      | Reached XP level 4. HP: 42/42 MP: 3/3
   972 | D:2      | Found a shimmering altar of Xom.
  1863 | D:3      | Reached XP level 5. HP: 47/50 MP: 4/4
  1925 | D:3      | Noticed Jessica
  1928 | D:3      | Killed Jessica
  2122 | D:3      | Reached skill level 5 in Long Blades
  2540 | D:3      | Reached XP level 6. HP: 57/57 MP: 5/5
  3050 | D:4      | Found Ikistum's Magic Scroll Shoppe.
  3217 | D:4      | Reached XP level 7. HP: 63/63 MP: 6/6
  3249 | D:4      | Found a transporter.
  3249 | D:4      | Noticed teukkam's ghost (amateur MiFi)
  3267 | D:4      | Found a transporter.
  3445 | D:4      | Noticed Duvessa
  3456 | D:4      | Killed Duvessa
  3458 | D:4      | Noticed Dowan
  3467 | D:4      | Killed Dowan
  3467 | D:4      | Reached skill level 5 in Armour
  3854 | D:5      | Entered Level 5 of the Dungeon
  3859 | D:5      | Found a basalt altar of Yredelemnul.
  3932 | D:5      | Reached XP level 8. HP: 70/71 MP: 7/7
  3937 | D:5      | Found a stormy altar of Qazlal.
  4244 | D:4      | Killed teukkam's ghost
  4244 | D:4      | Reached skill level 10 in Long Blades
  4728 | D:5      | Noticed Grum
  4732 | D:5      | Killed Grum
  4762 | D:5      | Found a bloodstained altar of Trog.
  4778 | D:5      | Reached XP level 9. HP: 79/79 MP: 0/8
  4992 | D:5      | Found a staircase to the Ecumenical Temple.
  5010 | Temple   | Entered the Ecumenical Temple
  5050 | Temple   | Became a worshipper of Warmaster Okawaru
  5475 | D:6      | Found an ancient bone altar of Kikubaaqudgha.
  5481 | D:6      | Found an opulent altar of Gozag.
  6101 | D:7      | Reached * piety under Okawaru
  6331 | D:7      | Found a hazy altar of Hepliaklqana.
  6397 | D:7      | Found a sparkling altar of Nemelex Xobeh.
  6400 | D:7      | Found a snail-covered altar of Cheibriados.
  6670 | D:7      | Found a glowing golden altar of the Shining One.
  6737 | D:7      | Found an ancient bone altar of Kikubaaqudgha.
  7303 | D:8      | Noticed a two-headed ogre
  7304 | D:8      | Noticed Erica
  7346 | D:8      | Killed a two-headed ogre
  7346 | D:8      | Reached ** piety under Okawaru
  7346 | D:8      | Reached XP level 10. HP: 88/88 MP: 6/9
  7365 | D:8      | Killed Erica
  7934 | D:8      | Found a radiant altar of Vehumet.
  8229 | D:8      | Reached *** piety under Okawaru
  8575 | D:9      | Found Baenal's Food Shoppe.
  8731 | D:9      | Found a white marble altar of Elyvilon.
  8736 | D:9      | Noticed a two-headed ogre
  8744 | D:9      | Killed a two-headed ogre
  8744 | D:9      | Reached **** piety under Okawaru
  8871 | D:9      | Reached skill level 15 in Long Blades
  8917 | D:9      | Noticed a two-headed ogre
  8928 | D:9      | Killed a two-headed ogre
  8928 | D:9      | Reached skill level 10 in Armour
  8928 | D:9      | Reached XP level 11. HP: 93/97 MP: 10/10
  8965 | D:9      | Reached ***** piety under Okawaru
  9082 | D:9      | Found a sacrificial altar of Ru.
  9313 | D:10     | Entered Level 10 of the Dungeon
  9513 | D:10     | Reached skill level 10 in Fighting
 10036 | D:10     | Received a gift from Okawaru
 10739 | D:10     | Found a staircase to the Lair.
 11025 | D:10     | Noticed a centaur warrior
 11035 | D:10     | Killed a centaur warrior
 11155 | D:11     | Found Ihauv's Gadget Shoppe.
 11410 | D:11     | Noticed a red ugly thing
 11423 | D:11     | Killed a red ugly thing
 11604 | D:11     | Found Biroum's Jewellery Emporium.
 11676 | D:11     | Found Akabucuh's Armour Boutique.
 11687 | D:11     | Bought a +2 pair of gloves of strength for 387 gold pieces
 11845 | D:11     | Noticed a white ugly thing
 11855 | D:11     | Killed a white ugly thing
 11855 | D:11     | Reached skill level 5 in Shields
 11855 | D:11     | Reached XP level 12. HP: 89/110 MP: 11/11
 11941 | D:11     | Found Qoalugopn's Gadget Boutique.
 12074 | D:11     | Found a staircase to the Orcish Mines.
 12204 | Lair:1   | Entered Level 1 of the Lair of Beasts
 12790 | Lair:1   | Noticed Urug
 12802 | Lair:1   | Killed Urug
 13664 | Lair:2   | Noticed a four-headed hydra
 13673 | Lair:2   | Killed a one-headed hydra
 13673 | Lair:2   | Received a gift from Okawaru
 13713 | Lair:2   | Noticed Nergalle
 13720 | Lair:2   | Killed Nergalle
 14070 | Lair:2   | Found a hole to the Spider Nest.
 14070 | Lair:2   | Noticed Gastronok
 14089 | Lair:2   | Killed Gastronok
 14874 | Lair:3   | Noticed an eight-headed hydra
 14887 | Lair:3   | Killed a three-headed hydra
 14943 | Lair:3   | Reached ****** piety under Okawaru
 14944 | Lair:3   | Received a gift from Okawaru
 15116 | Lair:3   | Noticed a four-headed hydra
 15128 | Lair:3   | Killed a one-headed hydra
 15128 | Lair:3   | Reached XP level 13. HP: 119/119 MP: 12/12
 15449 | Lair:3   | Found a staircase to the Swamp.
 15679 | Lair:4   | Got a smoking silver ring
 15681 | Lair:4   | Identified the ring of Lobunk {rPois rN+} (You found it on
                  | level 4 of the Lair of Beasts)
 15855 | Lair:4   | Received a gift from Okawaru
 16842 | Lair:4   | Received a gift from Okawaru
 16845 | Lair:4   | Got a polished cloak {god gift}
 16856 | Lair:4   | Identified the +4 cloak "Noluokoq" {rF+ MR+ Str+2 Slay+2}
                  | (Okawaru gifted it to you on level 4 of the Lair of Beasts)
 17028 | Lair:5   | Got a crystal arbalest
 17487 | Lair:5   | Found a runed translucent door.
 17488 | Lair:5   | Found a viscous altar of Jiyva.
 17492 | Lair:5   | Found a staircase to the Slime Pits.
 17947 | Lair:5   | Noticed Rupert
 17962 | Lair:5   | Killed Rupert
 18224 | Lair:6   | Entered Level 6 of the Lair of Beasts
 18240 | Lair:5   | Received a gift from Okawaru
 18241 | Lair:5   | Found the +2 cloak of the Thief {+Fog Slay-2 SInv Stlth+}
 18402 | Lair:6   | Reached XP level 14. HP: 93/132 MP: 13/13
 19471 | Lair:6   | Reached skill level 15 in Armour
 19622 | Lair:6   | Noticed Kirke
 19633 | Lair:6   | Killed Kirke
 19792 | Lair:6   | Received a gift from Okawaru
 19844 | Lair:6   | Reached skill level 15 in Fighting
 21216 | D:12     | Found a flagged portal.
 21227 | Bailey   | Entered a bailey
 21232 | Bailey   | Noticed an orc warlord
 21322 | Bailey   | Found a runed translucent gate.
 21324 | Bailey   | Found a runed translucent gate.
 21326 | Bailey   | Found a runed translucent gate.
 21375 | Bailey   | Killed an orc warlord
 21409 | Bailey   | Identified a scroll of acquirement
 21712 | D:12     | Noticed Fannar
 21730 | D:12     | Killed Fannar
 21730 | D:12     | Received a gift from Okawaru
 21851 | D:12     | Reached XP level 15. HP: 128/141 MP: 8/14
 22262 | D:13     | Reached skill level 1 in Dodging
 22305 | D:13     | Found a frozen archway.
 22311 | IceCv    | Entered an ice cave
 22482 | IceCv    | Received a gift from Okawaru
 22839 | IceCv    | Noticed a frost giant
 22850 | IceCv    | Killed a frost giant
 23148 | D:13     | You fall through a shaft for 2 floors!
 23148 | D:15     | Entered Level 15 of the Dungeon
 23168 | D:15     | Received a gift from Okawaru
 23188 | D:15     | Identified a +2 pair of boots of running (Okawaru gifted it
                  | to you on level 15 of the Dungeon)
 23223 | D:15     | Found Gawn's Jewellery Shop.
 23867 | D:15     | Found a staircase to the Depths.
 24264 | D:15     | Found a runed translucent gate.
 24265 | D:15     | Found a runed translucent gate.
 24266 | D:15     | Found a runed translucent gate.
 24300 | D:15     | Noticed Napsidghi's ghost (journeyman OpGl)
 24334 | D:15     | Reached skill level 1 in Invocations
 24901 | D:15     | Received a gift from Okawaru
 24924 | D:15     | Identified the Grimoire of the Shifting Escort
 24938 | D:15     | Got a pair of spiked gloves
 24949 | D:15     | Identified the +0 pair of gloves of Wixkuap {rF+ MR+} (You
                  | found it on level 15 of the Dungeon)
 24962 | D:15     | Got the ring "Cefudwep" {Fire}
 24965 | D:15     | Identified the ring "Cefudwep" {Fire Dex+4} (You found it
                  | on level 15 of the Dungeon)
 25098 | D:15     | Killed Napsidghi's ghost
 25564 | D:14     | Received a gift from Okawaru
 25882 | D:14     | Found a gate to the Vaults.
 25900 | D:14     | Reached XP level 16. HP: 155/155 MP: 16/16
 27276 | D:13     | Identified the +7 arbalest of Oenomania {freeze, rElec
                  | rPois rC- MP+9} (You found it on level 5 of the Lair of
                  | Beasts)
 27481 | Orc:1    | Entered Level 1 of the Orcish Mines
 27537 | Orc:1    | Found a roughly hewn altar of Beogh.
 27854 | Orc:1    | Received a gift from Okawaru
 28642 | Orc:2    | Entered Level 2 of the Orcish Mines
 28674 | Orc:2    | Found a staircase to the Elven Halls.
 29513 | Orc:2    | Found Wakhip's Food Shop.
 29513 | Orc:2    | Found Nolyv's Jewellery Boutique.
 29513 | Orc:2    | Found Xoelar's General Store.
 29518 | Orc:2    | Found Godwex's Antique Armour Boutique.
 29530 | Orc:2    | Bought the amulet of the Four Winds {rN+ MR+++ Clar} for
                  | 746 gold pieces
 29530 | Orc:2    | Found the amulet of the Four Winds {rN+ MR+++ Clar}
 30066 | Swamp:1  | Entered Level 1 of the Swamp
 30514 | Swamp:1  | Found a glowing golden altar of the Shining One.
 30716 | Swamp:1  | Received a gift from Okawaru
 31102 | Swamp:2  | Noticed a thorn hunter
 31113 | Swamp:2  | Killed a thorn hunter
 31419 | Swamp:2  | Reached XP level 17. HP: 164/168 MP: 17/17
 31861 | Swamp:3  | Noticed Jorgrun
 31880 | Swamp:3  | Killed Jorgrun
 31967 | Swamp:3  | Noticed Nikola
 32287 | Swamp:3  | Killed Nikola
 32343 | Swamp:3  | Noticed Mara
 32355 | Swamp:3  | Noticed Lauz's illusion
 32358 | Swamp:3  | Killed Mara
 32358 | Swamp:3  | Received a gift from Okawaru
 32950 | Swamp:4  | Entered Level 4 of the Swamp
 33416 | Swamp:4  | HP: 8/171 [five-headed hydra (5)]
 34061 | Swamp:4  | Reached skill level 5 in Dodging
 34262 | Swamp:4  | Got a decaying rune of Zot
 34662 | Spider:1 | Entered Level 1 of the Spider Nest
 35087 | Spider:1 | Got a coiled marble ring
 35089 | Spider:1 | Identified the ring "Tunimost" {rC+ MR++} (You found it on
                  | level 1 of the Spider Nest)
 35357 | Spider:2 | Reached XP level 18. HP: 155/182 MP: 18/18
 35624 | Spider:2 | Received a gift from Okawaru
 35625 | Spider:2 | Found the +11 plutonium sword {*Contam Stlth-}
 36989 | Spider:4 | Entered Level 4 of the Spider Nest
 37024 | Spider:4 | Reached XP level 19. HP: 190/190 MP: 18/20
 37058 | Spider:4 | Received a gift from Okawaru
 38352 | Spider:4 | Received a gift from Okawaru
 38355 | Spider:4 | Identified the +2 great sword "Davoese" {antimagic, *Slow
                  | rPois rN+ Str+7} (Okawaru gifted it to you on level 4 of
                  | the Spider Nest)
 38864 | Spider:4 | Got a gossamer rune of Zot
 39177 | Elf:1    | Entered Level 1 of the Elven Halls
 39362 | Elf:1    | Received a gift from Okawaru
 39365 | Elf:1    | Got a crude crystal plate armour {god gift}
 39376 | Elf:1    | Identified the +1 crystal plate armour of the Cockroach
                  | {rF+} (Okawaru gifted it to you on level 1 of the Elven
                  | Halls)
 39800 | Elf:1    | Reached XP level 20. HP: 141/200 MP: 21/21
 39972 | Elf:1    | Identified Vehumet's Almanac of Conjuration
 40106 | Elf:1    | You fall through a shaft!
 40837 | Elf:2    | Found a runed translucent gate.
 40837 | Elf:2    | Found a runed translucent gate.
 40838 | Elf:2    | Found a runed translucent gate.
 41038 | Elf:2    | Reached skill level 10 in Shields
 41343 | Elf:2    | Received a gift from Okawaru
 42063 | Elf:3    | Entered Level 3 of the Elven Halls
 42454 | Elf:3    | Found Pampi's Jewellery Shoppe.
 42499 | Elf:3    | Found Dusoh's Gadget Boutique.
 42500 | Elf:3    | Found Zastrai's Jewellery Shoppe.
 42500 | Elf:3    | Found Sofie's Jewellery Shoppe.
 42764 | Elf:3    | Found the ring of Phasing {EV+8}
 43746 | Elf:3    | Received a gift from Okawaru
 44056 | Elf:3    | Received a gift from Okawaru
 44462 | Elf:3    | Identified the +0 leather armour of the Wary Tables {rC-
                  | Str+3 Int+5}
 44696 | Elf:3    | Identified a ring of Ytarot {rCorr Str+3}
 44810 | Elf:3    | Identified Arekhish's Tome of Gliding Cold
 44957 | Elf:3    | Identified the Grimoire of Dislocation
 45296 | Vaults:1 | Entered Level 1 of the Vaults
 45467 | Vaults:1 | Reached XP level 21. HP: 210/210 MP: 22/22
 45617 | Vaults:1 | Found a portal to a secret trove of treasure.
 45839 | Vaults:1 | Received a gift from Okawaru
 45958 | Vaults:1 | Found Zah Eseno's General Store.
 46946 | Vaults:2 | Found Dammer's Antique Armour Shop.
 46996 | Vaults:2 | Received a gift from Okawaru
 47056 | Vaults:2 | Received a gift from Okawaru
 47057 | Vaults:2 | Found the +2 pair of boots of the Assassin {Detection Stab+
                  | Stlth++}
 48176 | Vaults:3 | Reached skill level 15 in Shields
 48467 | Vaults:3 | Identified the Guide on the Mountains
 48755 | Vaults:3 | Found a staircase to the Crypt.
 49023 | Vaults:3 | Noticed Sojobo
 49040 | Vaults:3 | Killed Sojobo
 49042 | Vaults:3 | Received a gift from Okawaru
 49111 | Vaults:3 | Found Uxaoclog's Distillery.
 49144 | Vaults:3 | Reached XP level 22. HP: 219/222 MP: 23/23
 49176 | Vaults:3 | Identified the Volume of Translocation
 49559 | Vaults:3 | Identified the Disquisition on Fire
 50190 | Vaults:4 | Received a gift from Okawaru
 50800 | Vaults:5 | Entered Level 5 of the Vaults
 50843 | Vaults:5 | Noticed Bai Suzhen
 51284 | Vaults:4 | Killed Bai Suzhen
 51284 | Vaults:4 | Received a gift from Okawaru
 51761 | Vaults:5 | Noticed a golden dragon
 51764 | Vaults:5 | Noticed a golden dragon
 52001 | Vaults:5 | Identified the +8 scimitar of the Dove {antimagic, +Inv
                  | Int+4}
 52145 | Vaults:5 | Identified the cursed +2 war axe of Goyshruf {chop, rF+
                  | SInv}
 52305 | Vaults:5 | Noticed Boris
 52324 | Vaults:5 | Killed Boris
 52693 | Vaults:5 | Reached XP level 23. HP: 231/231 MP: 24/24
 52722 | Vaults:5 | Identified the +0 leather armour "Homo Omp" {rC+ rCorr}
 52862 | Vaults:5 | Received a gift from Okawaru
 52871 | Vaults:5 | Identified the +0 plate armour "Tiqikk" {rN+ Dex+3 SInv}
 53519 | Vaults:5 | Identified the ring "Quzil" {rElec rN+ Str+7}
 53537 | Vaults:5 | Got a silver rune of Zot
 53562 | Vaults:5 | Received a gift from Okawaru
 54394 | Vaults:5 | Found the +3 giant club "Skullcrusher" {speed, Str+7}
 55172 | Crypt:1  | Entered Level 1 of the Crypt
 55557 | Crypt:1  | Received a gift from Okawaru
 55592 | Crypt:1  | Identified the +1 pair of gloves "Pion" {MP-9 Slay+3
                  | Stlth+} (Okawaru gifted it to you on level 1 of the Crypt)
 56047 | Crypt:1  | Got a steaming emerald amulet
 56422 | Crypt:2  | Reached XP level 24. HP: 215/242 MP: 15/24
 56451 | Crypt:2  | Noticed a greater mummy
 56469 | Crypt:2  | Noticed Boris
 56482 | Crypt:2  | Noticed a greater mummy
 56482 | Crypt:2  | Noticed Khufu
 56997 | Depths:1 | Entered Level 1 of the Depths
 57195 | Depths:1 | Identified the amulet of Omila {+Blink +Rage rF+ Str+3}
                  | (You found it on level 1 of the Crypt)
 57276 | Depths:1 | Found a gateway to Hell.
 57423 | Depths:1 | Found Zereng's Blood Bar.
 57511 | Depths:1 | Received a gift from Okawaru
 57515 | Depths:1 | Got a transparent shield {god gift}
 57526 | Depths:1 | Identified the +0 shield of Serendipity {rElec} (Okawaru
                  | gifted it to you on level 1 of the Depths)
 58560 | Depths:2 | Found a glowing golden altar of the Shining One.
 58604 | Depths:2 | Found a one-way gate leading to the halls of Pandemonium.
 58901 | Depths:2 | Found a runed translucent door.
 58901 | Depths:2 | Found a runed translucent door.
 58902 | Depths:2 | Found a runed translucent door.
 59142 | Depths:2 | Received a gift from Okawaru
 59907 | Depths:3 | Noticed a greater mummy
 59919 | Depths:3 | Killed a greater mummy
 59919 | Depths:3 | Reached XP level 25. HP: 39/250 MP: 13/24
 60540 | Depths:3 | Received a gift from Okawaru
 61018 | Depths:3 | Noticed a greater mummy
 61036 | Depths:3 | Killed a greater mummy
 61304 | Depths:3 | Found the +7 sceptre of Torment {pain, torment}
 62019 | Depths:3 | Noticed a greater mummy
 62030 | Depths:3 | Killed a greater mummy
 62892 | Depths:4 | Noticed Mennas
 62902 | Depths:3 | Received a gift from Okawaru
 63369 | Depths:4 | Killed Mennas
 63369 | Depths:4 | Reached skill level 10 in Dodging
 63657 | Depths:4 | Paralysed by a floating eye for 2 turns
 64010 | Depths:4 | Received a gift from Okawaru
 64302 | Depths:4 | Found a one-way gate to the infinite horrors of the Abyss.
 64564 | Depths:4 | Noticed an ancient lich
 64564 | Depths:4 | Noticed Saint Roka
 64613 | Depths:4 | Killed Saint Roka
 65213 | Depths:4 | Killed an ancient lich
 65450 | Depths:4 | Received a gift from Okawaru
 65466 | Depths:4 | Identified the Papyrus of Parts Unknown
 65629 | Depths:4 | Reached XP level 26. HP: 229/261 MP: 15/24
 65700 | Depths:5 | Entered Level 5 of the Depths
 65879 | Depths:5 | Found Fiuforph's Food Emporium.
 65887 | Depths:5 | Found Noan's Magic Scroll Shoppe.
 66255 | Depths:5 | Received a gift from Okawaru
 66337 | Depths:5 | Found a gate to the Realm of Zot.
 67213 | Depths:5 | Found a gateway to a ziggurat.
 67215 | Depths:5 | Noticed a juggernaut
 67223 | Depths:5 | Killed a juggernaut
 67236 | Depths:5 | Learned a level 3 spell: Regeneration
 67335 | Depths:4 | Voluntarily entered the Abyss.
 67545 | Abyss:2  | Identified the +7 executioner's axe "Zixit" {chop, Dex+2}
                  | (You found it on level 2 of the Abyss)
 67595 | Abyss:2  | Reached skill level 1 in Throwing
 67595 | Abyss:2  | Reached skill level 1 in Necromancy
 67630 | Abyss:2  | Reached skill level 1 in Charms
 67975 | Abyss:3  | Got an abyssal rune of Zot
 68020 | Depths:4 | Escaped the Abyss
 68023 | Depths:4 | Identified the ring of Autotheism {+Fly rPois MR+ Dex+4
                  | Stlth-}
 68392 | Slime:1  | Entered Level 1 of the Pits of Slime
 68394 | Slime:1  | Gained mutation: You are frail. (-10% HP) [a shining eye]
 68450 | Slime:1  | Gained mutation: Scrolls take you a little longer to read.
                  | [a shining eye]
 68489 | Slime:1  | Lost mutation: You are frail. (-10% HP) [potion of
                  | mutation]
 68489 | Slime:1  | Lost mutation: Scrolls take you a little longer to read.
                  | [potion of mutation]
 68489 | Slime:1  | Gained mutation: Potions are less effective at restoring
                  | your health. [potion of mutation]
 68489 | Slime:1  | Gained mutation: You have sharp fingernails. [potion of
                  | mutation]
 68951 | Slime:3  | Received a gift from Okawaru
 69616 | Slime:4  | Gained mutation: Your body sometimes deteriorates upon
                  | taking damage. [a shining eye]
 69788 | Slime:4  | Lost mutation: Your body sometimes deteriorates upon taking
                  | damage. [potion of mutation]
 69788 | Slime:4  | Lost mutation: You have sharp fingernails. [potion of
                  | mutation]
 69788 | Slime:4  | Gained mutation: Scrolls take you a little longer to read.
                  | [potion of mutation]
 69788 | Slime:4  | Gained mutation: You are agile. (Dex +2) [potion of
                  | mutation]
 69789 | Slime:4  | Lost mutation: You are agile. (Dex +2) [potion of mutation]
 69789 | Slime:4  | Lost mutation: Scrolls take you a little longer to read.
                  | [potion of mutation]
 69789 | Slime:4  | Lost mutation: Potions are less effective at restoring your
                  | health. [potion of mutation]
 69789 | Slime:4  | Gained mutation: You tend to lose your temper in combat.
                  | [potion of mutation]
 69789 | Slime:4  | Gained mutation: Your spells are a little easier to cast,
                  | but a little less powerful. [potion of mutation]
 69789 | Slime:4  | Gained mutation: Your magical capacity is low. (-10% MP)
                  | [potion of mutation]
 69789 | Slime:4  | Gained mutation: You are agile. (Dex +2) [potion of
                  | mutation]
 69790 | Slime:4  | Lost mutation: You are agile. (Dex +2) [potion of mutation]
 69790 | Slime:4  | Lost mutation: You tend to lose your temper in combat.
                  | [potion of mutation]
 69790 | Slime:4  | Gained mutation: You are robust. (+10% HP) [potion of
                  | mutation]
 69790 | Slime:4  | Gained mutation: Your body sometimes deteriorates upon
                  | taking damage. [potion of mutation]
 69790 | Slime:4  | Lost mutation: Your spells are a little easier to cast, but
                  | a little less powerful. [potion of mutation]
 69790 | Slime:4  | Gained mutation: Your flesh is cold resistant. (rC+)
                  | [potion of mutation]
 70461 | Slime:5  | Entered Level 5 of the Pits of Slime
 70596 | Slime:5  | Received a gift from Okawaru
 70599 | Slime:5  | Identified the +5 cloak of Hyist {Int+6} (Okawaru gifted it
                  | to you on level 5 of the Pits of Slime)
 70751 | Slime:5  | Reached skill level 15 in Dodging
 70751 | Slime:5  | Reached XP level 27. HP: 296/296 MP: 13/22
 71066 | Slime:5  | Gained mutation: Potions are less effective at restoring
                  | your health. [a shining eye]
 71073 | Slime:5  | Lost mutation: Your magical capacity is low. (-10% MP)
                  | [potion of mutation]
 71073 | Slime:5  | Lost mutation: Potions are less effective at restoring your
                  | health. [potion of mutation]
 71073 | Slime:5  | Gained mutation: Your spells are a little easier to cast,
                  | but a little less powerful. [potion of mutation]
 71073 | Slime:5  | Gained mutation: You expend magic power (3 MP) to
                  | strengthen your wands. [potion of mutation]
 71147 | Slime:5  | Found a viscous altar of Jiyva.
 71171 | Slime:5  | Noticed the Royal Jelly
 71808 | Slime:5  | Found the +7 Singing Sword {slice, sonic wave}
 71808 | Slime:5  | Found the +6 Majin-Bo {vamp, Archmagi MP+6 Int+6}
 71915 | Slime:5  | Killed the Royal Jelly
 71915 | Slime:5  | Reached skill level 5 in Necromancy
 72399 | Slime:5  | Identified the ring "Nuoroal" {rC+ MR+ Str+4 Int+2 Dex-3}
                  | (You found it on level 5 of the Pits of Slime)
 72476 | Slime:5  | Identified the amulet of Goji {+Blink +Rage rN+} (You found
                  | it on level 5 of the Pits of Slime)
 72525 | Slime:5  | Got a slimy rune of Zot
 73149 | Zot:1    | Entered Level 1 of the Realm of Zot
 73182 | Zot:1    | Found a runed translucent gate.
 73182 | Zot:1    | Found a runed translucent gate.
 73183 | Zot:1    | Found a runed translucent gate.
 73281 | Zot:1    | Reached skill level 5 in Throwing
 73440 | Zot:1    | Noticed runemage's ghost (legendary GnFi)
 73549 | Zot:1    | Reached skill level 5 in Charms
 73775 | Zot:1    | Received a gift from Okawaru
 74400 | Zot:1    | Noticed an orb of fire
 74403 | Zot:1    | Received a gift from Okawaru
 74414 | Zot:1    | Killed an orb of fire
 75566 | Zot:3    | Received a gift from Okawaru
 76641 | Zot:4    | Reached skill level 10 in Throwing
 76699 | Zot:4    | Identified the +2 pair of boots of Deopt {Dex+9} (You
                  | acquired it on level 4 of the Realm of Zot)
 77197 | Zot:4    | Received a gift from Okawaru
 77433 | Zot:4    | Received a gift from Okawaru
 77892 | Zot:5    | Entered Level 5 of the Realm of Zot
 78317 | Zot:5    | Noticed an ancient lich
 78318 | Zot:5    | Noticed an orb of fire
 78319 | Zot:5    | Noticed an orb of fire
 78319 | Zot:5    | Gained mutation: You tend to lose your temper in combat.
                  | [an orb of fire]
 78321 | Zot:5    | Gained mutation: You are partially covered in yellow
                  | scales. (AC +2) [an orb of fire]
 78329 | Zot:5    | Noticed an orb of fire
 78331 | Zot:5    | Killed an ancient lich
 78334 | Zot:5    | Received a gift from Okawaru
 78336 | Zot:5    | Gained mutation: You are weak. (Str -2) [an orb of fire]
 78337 | Zot:5    | Killed an orb of fire
 78339 | Zot:5    | Killed an orb of fire
 78343 | Zot:5    | Killed an orb of fire
 78346 | Zot:5    | Noticed an ancient lich
 78347 | Zot:5    | Noticed an ancient lich
 78352 | Zot:5    | Killed an ancient lich
 78362 | Zot:5    | Killed an ancient lich
 78379 | Zot:5    | Identified the +9 plate armour "Carut" {Slay+2} (Okawaru
                  | gifted it to you on level 5 of the Realm of Zot)
 78751 | Zot:5    | Received a gift from Okawaru
 78812 | Zot:5    | Noticed an ancient lich
 78813 | Zot:5    | Reached skill level 15 in Throwing
 78820 | Zot:5    | Killed an ancient lich
 79639 | Crypt:2  | Killed Boris
 79662 | Crypt:2  | Noticed a greater mummy
 79668 | Crypt:2  | Killed a greater mummy
 79688 | Crypt:2  | Noticed a greater mummy
 79698 | Crypt:2  | Killed a greater mummy
 79708 | Crypt:2  | Killed a greater mummy
 80046 | Crypt:2  | Killed Khufu
 80046 | Crypt:2  | Received a gift from Okawaru
 80053 | Crypt:2  | Killed a greater mummy
 80853 | Crypt:3  | Entered Level 3 of the Crypt
 81163 | Crypt:3  | Received a gift from Okawaru
 81214 | Crypt:3  | Received a gift from Okawaru
 81215 | Crypt:3  | Found a staircase to the Tomb.
 81596 | Crypt:3  | Found an ancient bone altar of Kikubaaqudgha.
 81598 | Crypt:3  | Noticed an ancient lich
 81605 | Crypt:3  | Killed an ancient lich
 81605 | Crypt:3  | Reached skill level 10 in Necromancy
 81608 | Crypt:3  | Noticed an ancient lich
 81614 | Crypt:3  | Killed an ancient lich
 81628 | Crypt:3  | Identified the ring of Vuyh {rPois Str+3} (You found it on
                  | level 3 of the Crypt)
 81641 | Crypt:3  | Noticed an ancient lich
 81647 | Crypt:3  | Killed an ancient lich
 81943 | Crypt:3  | Noticed an ancient lich
 81953 | Crypt:3  | Killed an ancient lich
 81953 | Crypt:3  | Received a gift from Okawaru
 82412 | Hell     | Entered the Vestibule of Hell
 82412 | Hell     | Noticed Geryon
 82424 | Hell     | Noticed Murray
 82426 | Hell     | Killed Geryon
 82873 | Hell     | Reached skill level 27 in Fighting
 82882 | Hell     | Killed Murray
 82893 | Hell     | Received a gift from Okawaru
 82928 | Hell     | Reached skill level 27 in Armour
 82938 | Hell     | Found a gateway to the ashen valley of Gehenna.
 83040 | Hell     | Received a gift from Okawaru
 83303 | Hell     | Found a gateway to the freezing wastes of Cocytus.
 83360 | Hell     | Found a gateway to the Iron City of Dis.
 83419 | Hell     | Found a gateway to the decaying netherworld of Tartarus.
 83848 | Tar:1    | Entered Level 1 of Tartarus
 83864 | Hell     | Received a gift from Okawaru
 84361 | Tar:1    | Received a gift from Okawaru
 84812 | Tar:1    | You fall through a shaft!
 85928 | Tar:2    | Received a gift from Okawaru
 86357 | Tar:2    | Reached skill level 1 in Spellcasting
 86509 | Tar:2    | Gained mutation: You are clumsy. (Dex -2) [mutagenic glow]
 86526 | Tar:2    | Lost mutation: You tend to lose your temper in combat.
                  | [potion of mutation]
 86526 | Tar:2    | Lost mutation: You are robust. (+10% HP) [potion of
                  | mutation]
 86526 | Tar:2    | Lost mutation: You are partially covered in yellow scales.
                  | (AC +2) [potion of mutation]
 86526 | Tar:2    | Lost mutation: Your spells are a little easier to cast, but
                  | a little less powerful. [potion of mutation]
 86526 | Tar:2    | Gained mutation: Your system is resistant to poisons.
                  | (rPois) [potion of mutation]
 86526 | Tar:2    | Gained mutation: You are robust. (+10% HP) [potion of
                  | mutation]
 86527 | Tar:2    | Lost mutation: You are weak. (Str -2) [potion of mutation]
 86527 | Tar:2    | Lost mutation: You are robust. (+10% HP) [potion of
                  | mutation]
 86527 | Tar:2    | Gained mutation: You possess an exceptional clarity of
                  | mind. [potion of mutation]
 86527 | Tar:2    | Lost mutation: You possess an exceptional clarity of mind.
                  | [potion of mutation]
 86527 | Tar:2    | Gained mutation: Your flesh is very cold resistant. (rC++)
                  | [potion of mutation]
 86527 | Tar:2    | Gained mutation: Your flesh is almost immune to the effects
                  | of cold. (rC+++) [potion of mutation]
 86669 | Tar:3    | Received a gift from Okawaru
 86751 | Tar:3    | Reached skill level 27 in Shields
 87186 | Tar:1    | Identified the +7 plate armour of Courage {Dex+4} (Okawaru
                  | gifted it to you on level 1 of Tartarus)
 87702 | Tar:3    | Lost intelligence.
 87824 | Depths:2 | Fell from the grace of Okawaru
 87824 | Depths:2 | Became a worshipper of the Shining One
 87923 | Depths:4 | Voluntarily entered the Abyss.
 88005 | Abyss:1  | Found a corrupted altar of Lugonu.
 88035 | Abyss:1  | Reached * piety under the Shining One
 88050 | Abyss:1  | Reached skill level 27 in Long Blades
 88052 | Abyss:1  | Paralysed by accursed screaming for 1 turns
 88174 | Abyss:1  | Reached ** piety under the Shining One
 88251 | Abyss:1  | Learned a level 2 spell: Swiftness
 88285 | Abyss:1  | Found a corrupted altar of Lugonu.
 88452 | Abyss:2  | Reached *** piety under the Shining One
 88682 | Abyss:2  | Found a corrupted altar of Lugonu.
 88700 | Abyss:2  | Found a corrupted altar of Lugonu.
 88741 | Abyss:2  | Reached **** piety under the Shining One
 89106 | Abyss:3  | Reached ***** piety under the Shining One
 89467 | Abyss:4  | Reached skill level 5 in Invocations
 89680 | Abyss:4  | Reached ****** piety under the Shining One
 89702 | Abyss:4  | Paralysed by accursed screaming for 1 turns
 89764 | Depths:4 | Escaped the Abyss
 89887 | Tar:1    | Identified a +9 double sword of holy wrath (a +9 double
                  | sword of electrocution blessed by the Shining One)
 89887 | Tar:1    | Received a gift from the Shining One
 90086 | Tar:3    | Reached skill level 5 in Spellcasting
 92139 | Tar:5    | Reached skill level 10 in Invocations
 92662 | Tar:5    | Was forgiven by Okawaru
 94201 | Tar:7    | Entered Level 7 of Tartarus
 94581 | Tar:7    | Noticed Ereshkigal
 95421 | Tar:7    | Killed Ereshkigal
 95442 | Tar:7    | Got a bone rune of Zot
 95704 | Coc:1    | Entered Level 1 of Cocytus
 96053 | Coc:1    | Reached skill level 1 in Evocations
 98285 | Coc:6    | Reached skill level 5 in Evocations
 98426 | Coc:7    | Entered Level 7 of Cocytus
 99034 | Coc:7    | Gained mutation: You are frail. (-10% HP) [mutagenic glow]
 99266 | Coc:7    | Identified the amulet of Interdependent Arising {rElec rF+
                  | Regen+ Int-5}
 99266 | Coc:7    | Noticed Antaeus
 99765 | Coc:7    | Killed Antaeus
 99785 | Coc:7    | Got an icy rune of Zot
100167 | Geh:1    | Entered Level 1 of Gehenna
101428 | Geh:3    | Reached skill level 10 in Evocations
102706 | Geh:7    | Entered Level 7 of Gehenna
102793 | Geh:7    | Noticed the Serpent of Hell
102809 | Geh:7    | Killed the Serpent of Hell
102838 | Geh:7    | Identified the +0 robe of Lethargy {Int+5}
102866 | Geh:7    | Reached skill level 27 in Dodging
103581 | Geh:7    | Identified the +7 sceptre of Asmodeus
103581 | Geh:7    | Noticed Asmodeus
103594 | Geh:7    | Killed Asmodeus
103599 | Geh:7    | Got an obsidian rune of Zot
103771 | Dis:1    | Entered Level 1 of the Iron City of Dis
104637 | Dis:2    | Found a burning altar of Makhleb.
104731 | Dis:2    | Learned a level 2 spell: Blink
104856 | Dis:2    | Gained mutation: You tend to lose your temper in combat.
                  | [mutagenic glow]
104911 | Dis:2    | Gained mutation: You are very frail. (-20% HP) [mutagenic
                  | glow]
104917 | Dis:2    | Reached skill level 1 in Translocations
106041 | Dis:7    | Entered Level 7 of the Iron City of Dis
106204 | Dis:7    | Reached skill level 15 in Evocations
106532 | Dis:7    | Identified the ring of Vehumet's Regard {rElec rC- EV+5
                  | Stlth+}
107000 | Dis:7    | Found the ring of the Octopus King
107030 | Dis:7    | Got a ring of the Octopus King
107047 | Dis:7    | Identified the +2 robe "Juezudoj" {rF+++ rC+ rCorr Stlth-}
107083 | Dis:7    | Reached skill level 5 in Translocations
107241 | Dis:7    | Identified Sif Muna's Guide on the Frostbite and Aid
107246 | Dis:7    | Gained mutation: You occasionally shout uncontrollably at
                  | your foes. [a cacodemon]
107338 | Dis:7    | Reached skill level 27 in Throwing
107507 | Dis:7    | Identified the +4 staff of Dispater
107507 | Dis:7    | Noticed Dispater
107522 | Dis:7    | Killed Dispater
107570 | Dis:7    | Got an iron rune of Zot
107824 | Pan      | Entered Pandemonium
108543 | Pan      | Identified the +7 large shield of the Aged Gods {Str+4
                  | Slay+3}
110137 | Pan      | Identified the cursed +0 large shield of the Barracuda
                  | {-Cast MR- Int+9}
110145 | Pan      | Noticed a seraph
110176 | Pan      | Killed a seraph
110377 | Pan      | Found a glowing golden altar of the Shining One.
110400 | Pan      | Identified the ring "Soluz" {Ice Int+3 Dex+2} (You found it
                  | in Pandemonium)
110408 | Pan      | Got a demonic rune of Zot
110866 | Pan      | Identified the +3 buckler "Ebbeumerch" {Regen+ Dex+6}
111099 | Pan      | Found a glowing silver altar of Zin.
111470 | Pan      | Found a white marble altar of Elyvilon.
111492 | Pan      | Reached skill level 10 in Translocations
111575 | Pan      | Identified a ring of the Octopus King {rC+ AC+1 EV+1 Str+1
                  | Int+1 Dex+1} (You found it on level 7 of the Iron City of
                  | Dis)
111783 | Pan      | Noticed Moran Uni the pandemonium lord
111792 | Pan      | Killed Moran Uni the pandemonium lord
111881 | Pan      | Gained mutation: You often lose your temper in combat. [a
                  | neqoxec]
112031 | Pan      | Gained mutation: You are very clumsy. (Dex -4) [a
                  | cacodemon]
112069 | Pan      | Noticed Viroakar the pandemonium lord
112080 | Pan      | Killed Viroakar the pandemonium lord
112202 | Pan      | Found an exit through the horrors of the Abyss.
112340 | Pan      | Found a runed translucent door.
112345 | Pan      | Found a runed translucent door.
112348 | Pan      | Found a runed translucent door.
112350 | Pan      | Noticed Iweenuh the pandemonium lord
112363 | Pan      | Killed Iweenuh the pandemonium lord
112495 | Pan      | Found a runed translucent door.
113050 | Pan      | Noticed Goydouli the pandemonium lord
113058 | Pan      | Killed Goydouli the pandemonium lord
113348 | Pan      | Noticed Giafuah the pandemonium lord
113438 | Pan      | Killed Giafuah the pandemonium lord
114499 | Pan      | Noticed Emis the pandemonium lord
114513 | Pan      | Killed Emis the pandemonium lord
114742 | Pan      | Found an exit through the horrors of the Abyss.
114980 | Pan      | Gained mutation: Potions are less effective at restoring
                  | your health. [a neqoxec]
115023 | Pan      | Noticed Vepeolis the pandemonium lord
115030 | Pan      | Killed Vepeolis the pandemonium lord
115094 | Pan      | Found an exit through the horrors of the Abyss.
115116 | Pan      | Noticed Difeeb the pandemonium lord
115126 | Pan      | Killed Difeeb the pandemonium lord
115132 | Pan      | Gained mutation: You sometimes yell uncontrollably at your
                  | foes. [a neqoxec]
115232 | Pan      | Entered the realm of Mnoleg.
115265 | Pan      | Gained mutation: Scrolls take you a little longer to read.
                  | [a neqoxec]
115313 | Pan      | Gained mutation: Your spells are a little easier to cast,
                  | but a little less powerful. [a neqoxec]
115506 | Pan      | Gained mutation: You are weak. (Str -2) [a cacodemon]
115528 | Pan      | Gained mutation: Your body often deteriorates upon taking
                  | damage. [a cacodemon]
115559 | Pan      | Gained mutation: Your spells are easier to cast, but less
                  | powerful. [a neqoxec]
115614 | Pan      | Gained mutation: You have an uncontrollable temper. [a
                  | neqoxec]
115709 | Pan      | Noticed Mnoleg
115713 | Pan      | Paralysed by a floating eye for 4 turns
115740 | Pan      | Killed Mnoleg
115847 | Pan      | Got a glowing rune of Zot
116000 | Pan      | Entered the realm of Lom Lobon.
116000 | Pan      | Noticed Lom Lobon
116004 | Pan      | Got a magical rune of Zot
116029 | Pan      | Killed from afar by Lom Lobon

Skill      XL: |  1  2  3  4  5  6  7  8  9 10 11 12 13 14 15 16 17 18 19 20 21 22 23 24 25 26 27 |
---------------+----------------------------------------------------------------------------------+-----
Fighting       | 4 5 6 7 8 9 11 12 14 15 17 19 21 22 23 24 25 26 27 | 27.0
Long Blades    | 3 4 5 7 9 11 13 15 16 17 18 20 21 22 23 24 25 27 | 27.0
Armour         | 4 5 6 8 10 11 13 14 15 17 19 20 21 22 23 24 25 27 | 27.0
Shields        | 5 7 8 13 15 18 20 22 24 27 | 27.0
Dodging        | 2 3 6 7 9 10 15 27 | 27.0
Invocations    | 1 2 3 14 | 14.0
Throwing       | 3 27 | 27.0
Necromancy     | 4 10 | 10.3
Charms         | 4 9 |  9.7
Spellcasting   | 9 |  9.0
Evocations     | 23 | 23.6
Translocations | 13 | 13.3
Air Magic      | |  0.3

Action                   |  1- 3 |  4- 6 |  7- 9 | 10-12 | 13-15 | 16-18 | 19-21 | 22-24 | 25-27 || total
-------------------------+-------+-------+-------+-------+-------+-------+-------+-------+-------++-------
Melee: Long sword        |    55 |   186 |   373 |    22 |       |       |       |       |       ||   636
       Headbutt          |    11 |    26 |    90 |   167 |   381 |   334 |   378 |   535 |  2703 ||  4625
       Scimitar          |       |       |       |   669 |   709 |   161 |     1 |       |    37 ||  1577
       Double sword      |       |       |       |       |   709 |  1073 |  1395 |  1500 |  8069 || 12746
Throw: Javelin           |       |       |       |       |     4 |     8 |     7 |    13 |   320 ||   352
 Cast: Regeneration      |       |       |       |       |       |       |       |       |    22 ||    22
       Swiftness         |       |       |       |       |       |       |       |       |     1 ||     1
Invok: Heroism           |       |       |     1 |     2 |     7 |     3 |     1 |     7 |     2 ||    23
       Finesse           |       |       |       |       |     1 |       |       |     3 |     2 ||     6
       Divine Shield     |       |       |       |       |       |       |       |       |     6 ||     6
       Summon Divine War |       |       |       |       |       |       |       |       |     2 ||     2
       Cleansing Flame   |       |       |       |       |       |       |       |       |     1 ||     1
       Brand Weapon With |       |       |       |       |       |       |       |       |     1 ||     1
 Abil: Evoke Flight      |       |       |       |       |       |       |       |       |    17 ||    17
Evoke: Wand              |       |       |     1 |       |       |       |       |       |       ||     1
       Box of beasts     |       |       |       |       |       |       |     1 |       |     1 ||     2
       Sack of spiders   |       |       |       |       |       |       |       |       |     3 ||     3
       Fan of gales      |       |       |       |       |       |       |       |       |     2 ||     2
  Use: Scroll            |       |       |     7 |    10 |    20 |    24 |     4 |    14 |    48 ||   127
       Potion            |       |       |       |       |       |     2 |     2 |     1 |    31 ||    36
 Stab: Confused          |       |       |       |       |       |     2 |       |       |       ||     2
       Distracted        |       |       |       |       |       |     1 |       |     2 |     1 ||     4
  Eat: Chunk             |       |     8 |    10 |    21 |    53 |    22 |    25 |    17 |    60 ||   216
       Ration            |       |       |     1 |     1 |       |     2 |     4 |     5 |    37 ||    50
Armor: Scale mail        |    40 |       |       |       |       |       |       |       |       ||    40
       Plate armour      |       |    94 |   251 |   352 |   799 |   441 |       |       |       ||  1937
       Pearl dragon scal |       |       |       |       |       |   428 |   253 |       |       ||   681
       Crystal plate arm |       |       |       |       |       |       |   526 |   696 |  2317 ||  3539
Dodge: Dodged            |    23 |    25 |    67 |   131 |   353 |   465 |   540 |   854 |  2468 ||  4926
Block: Shield            |    39 |    91 |   207 |   307 |   785 |   699 |   768 |  1149 |  2150 ||  6195
       Large shield      |       |       |       |       |       |       |       |       |  6046 ||  6046
       Reflection        |       |       |       |       |       |       |       |       |    46 ||    46
       Rpst.: Long sword |     5 |     5 |    18 |       |       |       |       |       |       ||    28
       Scimitar          |       |       |       |    46 |    54 |    11 |       |       |     2 ||   113
       Double sword      |       |       |       |       |    23 |    90 |   100 |   129 |   350 ||   692
